 Dungeon Crawl Stone Soup version 0.28.0-53-g5a82cb258f (webtiles) character file.

Game seed: 418192556744686498

366 safid the Cleaver (level 6, 0/52 HPs)
             Began as a Hill Orc Fighter on May 27, 2022.
             Slain by a sky beast (5 damage)
             ... on level 3 of the Dungeon.
             The game lasted 00:02:45 (2591 turns).

safid the Cleaver (Hill Orc Fighter)                Turns: 2591, Time: 00:02:45

Health: 0/52       AC:  9    Str: 21    XL:     6   Next: 68%
Magic:  6/6        EV:  9    Int:  8    God:
Gold:   61         SH:  4    Dex: 10    Spells: 5/5 levels left

rFire   . . .      SeeInvis .   a - +0 war axe
rCold   . . .      Faith    .   c - +0 buckler
rNeg    . . .      Spirit   .   b - +0 scale mail
rPois   .          Reflect  .   (no helmet)
rElec   .          Harm     .   l - +0 cloak
rCorr   .          Rampage  .   r - +0 pair of gloves
Will    .....                   (no boots)
Stlth   ..........              (no amulet)
HPRegen 0.17/turn               (no ring)
MPRegen 0.10/turn               (no ring)

@: lethally poisoned (0 -> -1)
A: no striking features
a: no special abilities


You were on level 3 of the Dungeon.
You visited 1 branch of the dungeon, and saw 3 of its levels.

You collected 61 gold pieces.

Inventory:

Hand Weapons
 a - a +0 war axe (weapon)
Armour
 b - a +0 scale mail (worn)
 c - a +0 buckler (worn)
 l - a +0 cloak (worn)
 r - a +0 pair of gloves (worn)
Jewellery
 o - the ring "Renoerij" {Fire Will+}
   (You found it on level 2 of the Dungeon)

   [ring of fire]

   It enhances your fire magic.
   rF:        It protects you from fire.
   rC:        It makes you vulnerable to cold.
   Will:      It increases your willpower.
Scrolls
 e - a scroll of fear {unknown}
 f - a scroll of acquirement {unknown}
 h - a scroll of holy word {unknown}
 j - 2 scrolls of teleportation {unknown}
 k - a scroll of identify {unknown}
 p - a scroll of enchant armour {unknown}
 q - a scroll of immolation {unknown}
Potions
 d - a potion of might
 g - a potion of curing {unknown}
 i - a potion of lignification {unknown}
 m - a potion of flight {unknown}
 n - a potion of mutation {unknown}


   Skills:
 - Level 4.0 Fighting
 + Level 8.0 Axes
 - Level 4.0 Armour
 - Level 4.0 Shields


You had 5 spell levels left.
You didn't know any spells.
Your spell library was empty.

Dungeon Overview and Level Annotations

Branches:
Dungeon (3/15)

Altars:


Message History

You are too injured to fight recklessly!
You are too injured to fight recklessly!
You are too injured to fight recklessly!
You are too injured to fight recklessly!
You are too injured to fight recklessly!
You are too injured to fight recklessly!
You are too injured to fight recklessly!
You are too injured to fight recklessly!
You are too injured to fight recklessly!
You are too injured to fight recklessly!
You are too injured to fight recklessly!
You are too injured to fight recklessly!
You are too injured to fight recklessly!
You are too injured to fight recklessly!
Unknown command.
Something hits you. Something shocks you.
* * * LOW HITPOINT WARNING * * *
The adder barely misses you. Something hits you but does no damage.
You see here 11 gold pieces.
The adder bites you.
* * * LOW HITPOINT WARNING * * *
You are poisoned.
The adder poisons you!
You slash the adder!
You kill the adder!
You feel sick.
A sky beast appears from thin air!
Reactivating autopickup.
Unknown command.
Okay, then.
You closely miss the sky beast.
The sky beast is moderately wounded.
You feel sick.
The sky beast hits you but does no damage. x2
You slash the sky beast!
The sky beast is almost dead.
You feel sick. The sky beast hits you.
* * * LOW HITPOINT WARNING * * *
The sky beast shocks you.
You die...

.## ###....# ..##
#...####
#..######.###
##.....#..## ##
#####.....###### .. .
#...##......##.# #..
#.#########.)#.##...#
##.# ##.#....# #..#
#@.....# ####.##
#######Y###..##
#..>.#
#......w........
#.####
........###..### #.#
.....)..# # ..#
........# .##
.......$# ##
........# ........#


You could see a sky beast and a worm.

Vanquished Creatures
  Grinder (D:3)
  Natasha (thrice) (D:2)
  An orc wizard (D:2)
  3 adders
  A worm (D:3)
  2 dart slugs
  4 orcs (D:2)
  4 ball pythons
  5 bats
  8 endoplasms
  A giant cockroach (D:3)
  5 goblins
  A hobgoblin (D:2)
  3 jackals (D:3)
  3 quokkas
  A kobold (D:2)
  5 rats
51 creatures vanquished.

Vanquished Creatures (others)
  A withered plant (D:1)
1 creature vanquished.

Grand Total: 52 creatures vanquished

Notes
Turn   | Place    | Note
-------+----------+-------------------------------------------
     0 | D:1      | safid the Hill Orc Fighter began the quest for the Orb.
     0 | D:1      | Reached XP level 1. HP: 19/19 MP: 1/1
   370 | D:1      | Reached XP level 2. HP: 26/27 MP: 2/2
   401 | D:1      | Reached skill level 3 in Axes
   702 | D:1      | Found a faded altar of an unknown god.
  1081 | D:2      | Noticed Natasha
  1098 | D:2      | Killed Natasha
  1099 | D:2      | Reached XP level 3. HP: 7/33 MP: 3/3
  1352 | D:2      | Reached XP level 4. HP: 40/40 MP: 4/4
  1392 | D:2      | Identified the ring "Renoerij" {Fire Will+}
  1447 | D:2      | Noticed Natasha
  1457 | D:2      | Killed Natasha
  1458 | D:2      | Reached skill level 4 in Axes
  1492 | D:2      | Noticed Natasha
  1604 | D:2      | Killed Natasha
  1605 | D:2      | Reached skill level 5 in Axes
  1605 | D:2      | Reached XP level 5. HP: 26/46 MP: 5/5
  2275 | D:3      | Reached skill level 6 in Axes
  2369 | D:3      | Noticed Grinder
  2370 | D:3      | Paralysed by Grinder for 3 turns
  2388 | D:3      | Killed Grinder
  2389 | D:3      | Reached skill level 8 in Axes
  2389 | D:3      | Reached XP level 6. HP: 32/52 MP: 6/6
  2570 | D:3      | Noticed a sky beast
  2591 | D:3      | Slain by a sky beast

Illustrated notes

Levels and vault maps discovered:
D:1:      lemuel_arrival_river_bridge, layout_rooms,
          shapermc_ecumenical_altar_flowoftime, minmay_tiny_reverse_x
D:2:      layout_rooms, uniq_natasha
D:3:      layout_rooms, uniq_grinder, uniq_ijyb

Skill      XL: |  1  2  3  4  5 |
---------------+----------------+-----
Axes           | 3 5 8 |  8.0
Fighting       | 4 |  4.0
Armour         | 4 |  4.0
Shields        | 4 |  4.0

Action                   |  1- 3 |  4- 6 || total
-------------------------+-------+-------++-------
Melee: War axe           |    63 |   127 ||   190
Armor: Scale mail        |    51 |    87 ||   138
Dodge: Dodged            |    44 |    52 ||    96
Block: Buckler           |    22 |    42 ||    64
